 Dungeon Crawl Stone Soup version 0.17-b1-36-g7b1967c (webtiles) character file.

273 zarick13 the Conjurer (level 6, -3/45 HPs)
             Began as a Draconian Conjurer on Nov 6, 2015.
             Slain by a killer bee (8 damage)
             ... on level 4 of the Dungeon.
             The game lasted 00:10:55 (3690 turns).

zarick13 the Conjurer (Draconian Conjurer)          Turns: 3690, Time: 00:10:55

Health: -3/45      AC:  6    Str: 10    XL:     6   Next: 2%
Magic:  2/9        EV: 12    Int: 17    God:
Gold:   87         SH:  0    Dex: 12    Spells: 2 memorised, 5 levels left

rFire  . . .     SeeInvis .     e - +0 spear (pierce)
rCold  . . .     Clarity  .     (armour unavailable)
rNeg   . . .     SustAt   .     (no shield)
rPois  .         Gourm    .     (helmet restricted)
rElec  .         Spirit   .     (no cloak)
rCorr  .         Warding  .     (no gloves)
rMut   .         Stasis   .     (no boots)
MR     .....                    (no amulet)
Stlth  ++........               (no ring)
                                (no ring)

@: lethally poisoned (-3 -> -8), not resistant to hostile enchantments,
unstealthy
A: unfitting armour, cold-blooded, AC +6
a: no special abilities


You were on level 4 of the Dungeon.
You were hungry.

You visited 1 branch of the dungeon, and saw 4 of its levels.

You collected 87 gold pieces.

Inventory:

Hand Weapons
 e - a +0 spear of piercing (weapon)
Scrolls
 d - a scroll of amnesia
 f - 2 scrolls of magic mapping
 h - 3 scrolls of remove curse
 j - a scroll of enchant armour
Potions
 g - a potion of curing
 m - a potion of poison {unknown}
Books
 a - a book of Conjurations

   Spells                             Type                      Level
   a - Magic Dart                     Conjuration                  1
   b - Searing Ray                    Conjuration                  2
   c - Dazzling Spray                 Conjuration/Hexes            3
   d - Fulminant Prism                Conjuration/Hexes            4
   e - Iskenderun's Mystic Blast      Conjuration                  4
   f - Iskenderun's Battlesphere      Conjuration/Charms           5
Comestibles
 b - a bread ration
 k - 2 meat rations
 l - a beef jerky


   Skills:
 - Level 2.0 Polearms
 - Level 1.7 Dodging
 - Level 1.7 Stealth
 - Level 2.0 Spellcasting
 - Level 6.0 Conjurations
 * Level 2.9 Hexes


You had 5 spell levels left.
You knew the following spells:

 Your Spells              Type           Power        Failure   Level  Hunger
a - Magic Dart            Conj           ###.         1%          1    #......
b - Dazzling Spray        Conj/Hex       ###.....     12%         3    ###....


Dungeon Overview and Level Annotations

Branches:
Dungeon (4/15)
 Temple: D:4-7

Altars:
Gozag

Annotations:
D:4 mhtbhm's ghost, amateur SpAs


Innate Abilities, Weirdness & Mutations

Your plain brown scales are hard (AC +6).
Your body does not fit into most forms of armour.
You are cold-blooded and may be slowed by cold attacks.


Message History

The killer bee stings you but does no damage.
The killer bee barely misses you. The orc hits you but does no damage.
The killer bee misses you. The killer bee barely misses you.
The adder skeleton bites you but does no damage.
The killer bee stings you but does no damage.
You closely miss the killer bee.
Your tail-slap misses the killer bee.
The killer bee is heavily wounded.
The killer bee stings you but does no damage.
The killer bee closely misses you. The killer bee stings you!
You are poisoned.
The killer bee poisons you! The killer bee closely misses you.
The orc closely misses you. The killer bee stings you.
The adder skeleton bites you but does no damage.
The killer bee closely misses you.
You closely miss the killer bee.
The killer bee is heavily wounded.
You feel sick. The killer bee stings you!
* * * LOW HITPOINT WARNING * * *
The killer bee stings you!
You die...

##≈≈≈.)≈≈≈#
##≈≈......≈≈#
##≈≈........≈≈
##≈≈..........≈
##≈≈.§..........
#≈≈...§§§.......
#≈...§§§§.(.....
#≈..oyZ§#..#....
#≈...@y.........
#≈....y.........
#≈....[.#..#.....
#≈.....(..........
#≈≈..............≈
##≈≈............≈≈
##≈≈..........≈≈#
##≈≈........≈≈#
#(# ##≈≈......≈≈#
#..


You could see 3 killer bees, an orc and an adder skeleton.

Vanquished Creatures
  An ogre (D:4)
  A hound (D:4)
  3 adders
  3 gnolls (D:3)
  4 oozes
  2 worms
  2 giant geckos (D:3)
  3 orcs (D:3)
  10 bats
  4 giant cockroaches
  7 hobgoblins
  11 kobolds
  A quokka (D:2)
  3 giant newts
  7 goblins
  4 jackals (D:2)
  6 rats
72 creatures vanquished.

Notes
Turn   | Place    | Note
--------------------------------------------------------------
     0 | D:1      | zarick13 the Draconian Conjurer began the quest for the Orb.
     0 | D:1      | Reached XP level 1. HP: 14/14 MP: 3/3
   408 | D:1      | Reached XP level 2. HP: 20/20 MP: 1/5
  1134 | D:1      | Reached skill level 5 in Conjurations
  1134 | D:1      | Reached XP level 3. HP: 26/26 MP: 1/6
  1691 | D:2      | Learned a level 3 spell: Dazzling Spray
  2079 | D:2      | Reached XP level 4. HP: 33/33 MP: 7/7
  2537 | D:3      | Reached skill level 1 in Polearms
  2538 | D:3      | Found an opulent altar of Gozag.
  3276 | D:3      | Reached XP level 5. HP: 38/38 MP: 1/8
  3279 | D:3      | Reached skill level 6 in Conjurations
  3477 | D:4      | Noticed an ogre
  3486 | D:4      | Killed an ogre
  3488 | D:4      | Noticed mhtbhm's ghost (amateur SpAs)
  3547 | D:4      | Reached XP level 6. HP: 45/45 MP: 4/9
  3690 | D:4      | Slain by a killer bee

Action                   |  1- 3 |  4- 6 || total
-------------------------+-------+-------++-------
Melee: Spear             |    95 |    93 ||   188
       Unarmed           |     1 |       ||     1
 Cast: Magic Dart        |    48 |    31 ||    79
       Dazzling Spray    |       |     9 ||     9
  Use: Scroll            |     5 |     3 ||     8
       Potion            |       |     1 ||     1
 Stab: Sleeping          |     1 |     2 ||     3
  Eat: Chunk             |     3 |     6 ||     9
       Beef jerky        |     1 |       ||     1
